 Dungeon Crawl Stone Soup version 0.30.1-4-g462c640d31 (webtiles) character file.

Game seed: 644418679918658485

13141 arthad the Blocker (level 12, -1/97 HPs)
             Began as a Formicid Fighter on Aug 13, 2023.
             Was the Champion of Cheibriados.
             Engulfed by an ice statue's freezing vapour (16 damage)
             ... in an ice cave.
             The game lasted 00:20:30 (9198 turns).

arthad the Blocker (Formicid Fighter)               Turns: 9198, Time: 00:20:31

Health: -1/97      AC: 11    Str: 43    XL:     12   Next: 29%
Magic:  18/18      EV: 19    Int: 24    God:    Cheibriados [******]
Gold:   1151       SH: 21    Dex: 28    Spells: 11/11 levels left

rFire   . . .        z - +10 war axe of Evyirasch {holy, Str+3}
rCold   + . .        A - +1 tower shield
rNeg    . . .        T - +1 scale mail {rC+}
rPois   .            (helmet unavailable)
rElec   .            (no cloak)
rCorr   .            (no gloves)
SInv    +            C - +0 pair of boots
Will    +....        (no amulet)
Stlth   +            l - +5 ring of evasion
HPRegen 0.36/turn    t - +4 ring of slaying
MPRegen 0.16/turn

%: no passive effects
@: very slow
A: permanent stasis, dig shafts and tunnels, antennae 3, four strong arms
a: Dig, Renounce Religion, Bend Time, Temporal Distortion, Slouch, Step From
Time


You were in an ice cave.
You worshipped Cheibriados.
Cheibriados was exalted by your worship.
You visited 2 branches of the dungeon, and saw 12 of its levels.
You also visited: Sewer and Ice Cave.

You collected 1439 gold pieces.
You spent 288 gold pieces at shops.

Inventory:

Hand Weapons
 a - a +0 war axe
 w - a +3 flail of holy wrath
 z - the +10 war axe of Evyirasch (weapon) {holy, Str+3}
   (You found it on level 3 of the Dungeon)

   Str:       It affects your strength (+3).
 L - a +0 broad axe
 S - the +4 mace of Earthquakes {speed, +Blink rC+ rN++ rCorr}
   (You found it in an ice cave)

   rC:        It protects you from cold.
   rN:        It greatly protects you from negative energy.
   +Blink:    It lets you blink.
   rCorr:     It protects you from acid and corrosion.
   Cheibriados disapproves of the use of such an item.
Missiles
 x - 3 poisoned darts
 P - a curare-tipped dart
Armour
 b - a +0 scale mail
 c - a +0 buckler
 p - +0 steam dragon scales
 A - a +1 tower shield (worn)
 C - a +0 pair of boots (worn)
 O - the +2 scale mail of Beogh's Righteous Fury {Str-4 Dex+3}
   (You bought it in a shop on level 9 of the Dungeon)

   Str:       It affects your strength (-4).
   Dex:       It affects your dexterity (+3).
 T - a +1 scale mail of cold resistance (worn)
Magical Staves
 s - a staff of earth
Jewellery
 l - a +5 ring of evasion (left hand)
 r - a +5 ring of evasion
 t - a +4 ring of slaying (right hand)
 R - a ring of wizardry
Wands
 j - a wand of iceblast (11)
 y - a wand of mindburst (17)
 F - a wand of paralysis (24)
 Q - a wand of digging (10)
Scrolls
 e - 4 scrolls of teleportation
 f - 2 scrolls of enchant weapon
 g - 2 scrolls of enchant armour
 h - 2 scrolls of magic mapping
 k - 3 scrolls of identify
 n - 5 scrolls of amnesia
 B - a scroll of fear
 D - a scroll of noise
 H - 2 scrolls of immolation
 I - 2 scrolls of blinking
 N - a scroll of fog
Potions
 d - 3 potions of might
 i - 6 potions of cancellation
 m - 4 potions of heal wounds
 o - a potion of brilliance
 q - 5 potions of mutation
 u - 2 potions of lignification
 v - 2 potions of ambrosia
 E - a potion of attraction {unknown}
 G - 2 potions of degeneration
 J - 5 potions of curing
 K - 2 potions of haste {unknown}
 M - a potion of flight {unknown}


   Skills:
 * Level 9.7 Fighting
 * Level 8.7 Axes
 * Level 9.8 Armour
 + Level 5.2 Dodging
 * Level 11.1 Shields
 * Level 8.0 Invocations
 + Level 3.1 Evocations


You had 11 spell levels left.
You didn't know any spells.
Your spell library contained the following spells:

 Spells                   Type           Power      Damage    Failure   Level
 Beastly Appendage        Tmut           0%         N/A       41%         1
 Summon Small Mammal      Summ           0%         N/A       41%         1
 Ensorcelled Hibernation  Hex/Ice        0%         N/A       56%         2
 Lesser Beckoning         Tloc           0%         N/A       56%         2
 Momentum Strike          Conj/Tloc      0%         3d8       56%         2
 Passwall                 Tmut/Erth      0%         N/A       56%         2
 Poisonous Vapours        Pois/Air       0%         N/A       56%         2
 Wereblood                Tmut           0%         N/A       56%         2
 Call Canine Familiar     Summ           0%         N/A       80%         3
 Gell's Gravitas          Tloc           0%         N/A       80%         3
 Inner Flame              Hex/Fire       0%         N/A       80%         3
 Mephitic Cloud           Conj/Pois/Air  0%         N/A       80%         3
 Spider Form              Tmut/Pois      0%         N/A       80%         3
 Summon Guardian Golem    Hex/Summ       0%         N/A       80%         3
 Teleport Other           Tloc           0%         N/A       80%         3
 Petrify                  Tmut/Erth      0%         N/A       99%         4
 Freezing Cloud           Conj/Ice/Air   0%         6-21      100%        5
 Metabolic Englaciation   Hex/Ice        0%         N/A       100%        5
 Yara's Violent Unravell  Hex/Tmut       0%         3d3       100%        5
 Statue Form              Tmut/Erth      0%         N/A       100%        6
 Enfeeble                 Hex            0%         N/A       100%        7
 Orb of Destruction       Conj           0%         9d5       100%        7
 Spellforged Servitor     Conj/Summ      0%         N/A       100%        7
 Blink                    Tloc           Unusable   N/A       N/A         2
 Swiftness                Air            Unusable   N/A       N/A         3

Dungeon Overview and Level Annotations

Branches:
Dungeon (11/15)            Temple (1/1) D:4            Lair (0/5) D:9
  Sewer (visited)           IceCv (1/1)
    Orc: D:9-12

Altars:
Ashenzari
Cheibriados
Dithmenos
Elyvilon
Fedhas
Gozag
Hepliaklqana
Kikubaaqudgha
Makhleb
Nemelex Xobeh
Okawaru
Qazlal
Ru
Sif Muna
Trog
Uskayaw
Vehumet
Wu Jian
Xom
Yredelemnul
Zin
The Shining One

Shops:
D:4 ?   D:9 [

Annotations:
IceCv exclusion: 2 ice statues


Innate Abilities, Weirdness & Mutations

You cannot be hasted, slowed, berserked, paralysed or teleported.
You can dig through walls and to a lower floor.
You have a pair of large antennae on your head. (SInv)
Your four strong arms can wield two-handed weapons with a shield.


Message History

You are engulfed in freezing vapours.
You resist. You block the ice beast's attack. x2
The ice beast hits you but does no damage.
You hit the ice statue.
The ice statue is lightly damaged.
You slash the ice beast! You hit the ice beast. You closely miss the ice beast.
You are engulfed in freezing vapours.
You resist. You block the ice beast's attack. The ice beast closely misses you.
You block the ice beast's attack.
You slash the ice statue!
The ice statue is heavily damaged.
You hit the ice beast.
You kill the ice beast!
The ice beast disappears in a puff of smoke!
You slash the ice beast!
You kill the ice beast!
The ice beast disappears in a puff of smoke!
You slash the ice beast!
You kill the ice beast!
The ice beast disappears in a puff of smoke!
The ice statue gestures at you. The freezing blast engulfs you. You resist.
The ice statue gestures.
You slice the ice statue!!
The ice statue is almost destroyed.
You are engulfed in freezing vapours.
You resist.
* * * LOW HITPOINT WARNING * * *
The ice statue gestures at you. The freezing blast misses you.
The ice statue gestures.
You hit the ice statue.
The ice statue is almost destroyed.
You are engulfed in freezing vapours.
You resist.
* * * LOW HITPOINT WARNING * * *
The ice statue gestures. x2
You barely miss the ice statue.
The ice statue is almost destroyed.
You completely miss the ice beast.
You are engulfed in freezing vapours.
You resist.
You die...

############# ### .
##.....#.....## ##.. ..
##Y.....#......###...
...#.......#÷......#....
..8..................∩.
{#..Y.Y..#.......#.... {
##.Y...§#......###...
##8@§..#.....## ##..
############# ###


You could see 2 ice statues and 4 ice beasts.

Vanquished Creatures
  An ogre mage (D:10)
  A two-headed ogre (D:8)
  Pikel (D:4)
  An ugly thing (IceCv)
  An ice statue (IceCv)
  Joseph (D:8)
  4 centaur zombies (D:10)
  Maggie (D:8)
  An unseen horror zombie (D:10)
  An unseen horror (D:11)
  A komodo dragon (D:9)
  An anaconda simulacrum (IceCv)
  Grinder (D:5)
  2 hornets
  A meliai zombie (D:10)
  Sigmund (D:3)
  3 shadows (D:10)
  2 vampires
  A wraith (D:10)
  A wyvern (D:9)
  A steam dragon (D:9)
  12 yaks
  2 death yak simulacra (IceCv)
  A water moccasin (D:5)
  2 floating eyes (D:10)
  3 orc warriors
  3 ice beasts
  2 black bears
  2 ogres
  3 phantoms
  4 centaurs
  3 lemures (D:4)
  3 bullfrogs
  A kobold brigand (D:9)
  2 gnoll sergeants
  4 scorpions
  2 cane toad simulacra (IceCv)
  3 howler monkeys
  5 hounds
  A gnoll bouda (D:9)
  2 jellies
  4 orc priests
  4 sleepcaps
  Ijyb (D:5)
  7 iguanas
  9 orc wizards
  Terence (D:3)
  A mummy (D:6)
  Robin (D:3)
  19 gnolls
  A river rat (Sewer)
  7 adders
  13 white imps
  An ufetubus (D:6)
  3 worms
  5 dart slugs
  43 orcs
  12 ball pythons
  5 bats
  5 endoplasms
  3 giant cockroaches
  15 goblins
  9 hobgoblins
  3 quokkas
  7 frilled lizards
  3 hobgoblin zombies (D:6)
  10 kobolds
  An orc zombie (D:6)
  14 rats
295 creatures vanquished.

Vanquished Creatures (others)
  A lemure (D:4)
1 creature vanquished.

Grand Total: 296 creatures vanquished

Notes
Turn   | Place    | Note
-------+----------+-------------------------------------------
     0 | D:1      | arthad the Formicid Fighter began the quest for the Orb.
     0 | D:1      | Reached XP level 1. HP: 18/18 MP: 1/1
    77 | D:1      | Reached XP level 2. HP: 24/24 MP: 2/2
   141 | D:1      | Found a faded altar of an unknown god.
   289 | D:1      | Reached XP level 3. HP: 29/29 MP: 3/3
   924 | D:2      | You fall into a shaft and drop 2 floors!
   943 | D:4      | Found Lavuruh's Magic Scroll Shoppe.
  1098 | D:4      | Reached XP level 4. HP: 36/37 MP: 4/4
  1364 | D:4      | Reached skill level 1 in Dodging
  1409 | D:3      | Noticed a black bear
  1502 | D:4      | Reached XP level 5. HP: 21/42 MP: 5/5
  1619 | D:3      | Killed a black bear
  1620 | D:3      | Reached XP level 6. HP: 37/49 MP: 6/6
  2163 | D:3      | Noticed Terence
  2173 | D:3      | Killed Terence
  2337 | D:3      | Noticed Robin
  2358 | D:3      | Reached skill level 5 in Shields
  2395 | D:3      | Noticed Sigmund
  2400 | D:3      | Killed Robin
  2408 | D:3      | Killed Sigmund
  2409 | D:3      | Reached skill level 5 in Fighting
  2409 | D:3      | Reached skill level 5 in Armour
  2409 | D:3      | Reached XP level 7. HP: 34/56 MP: 7/7
  2715 | D:3      | Identified the +10 war axe of Evyirasch {holy, Str+3}
  3061 | D:4      | Noticed Pikel
  3072 | D:4      | Killed Pikel
  3073 | D:4      | Reached skill level 6 in Shields
  3073 | D:4      | Reached XP level 8. HP: 55/64 MP: 8/8
  3078 | D:4      | Found a staircase to the Ecumenical Temple.
  3087 | Temple   | Entered the Ecumenical Temple
  3400 | Temple   | Became a worshipper of Cheibriados the Contemplative
  3494 | D:5      | Entered Level 5 of the Dungeon
  3528 | D:5      | Noticed Grinder
  3533 | D:5      | Killed Grinder
  3534 | D:5      | Reached skill level 5 in Axes
  3559 | D:5      | Found a glowing drain.
  3566 | Sewer    | Entered a sewer
  3580 | Sewer    | Reached * piety under Cheibriados
  4131 | D:5      | Reached skill level 1 in Invocations
  4131 | D:5      | Reached XP level 9. HP: 67/68 MP: 9/9
  4153 | D:5      | Reached ** piety under Cheibriados
  4154 | D:5      | Reached skill level 7 in Shields
  4540 | D:5      | Noticed Ijyb
  4546 | D:5      | Killed Ijyb
  4804 | D:6      | Reached *** piety under Cheibriados
  4874 | D:6      | Reached skill level 8 in Shields
  5019 | D:6      | Reached XP level 10. HP: 79/79 MP: 12/12
  5525 | D:7      | Reached **** piety under Cheibriados
  6130 | D:8      | Noticed Maggie
  6141 | D:8      | Killed Maggie
  6142 | D:8      | Reached skill level 9 in Shields
  6142 | D:8      | Reached skill level 5 in Invocations
  6584 | D:8      | Noticed Joseph
  6594 | D:8      | Killed Joseph
  6617 | D:8      | Noticed a two-headed ogre
  6626 | D:8      | Killed a two-headed ogre
  6746 | D:8      | Reached XP level 11. HP: 64/87 MP: 15/15
  7189 | D:9      | Reached skill level 1 in Evocations
  7193 | D:9      | Reached ***** piety under Cheibriados
  7272 | D:9      | Reached skill level 10 in Shields
  7339 | D:9      | Found Zihutom's Antique Armour Shoppe.
  7363 | D:9      | Bought a faintly humming scale mail for 288 gold pieces
  7363 | D:9      | Identified the +2 scale mail of Beogh's Righteous Fury
                  | {Str-4 Dex+3} (You bought it in a shop on level 9 of the
                  | Dungeon)
  7678 | D:9      | Found a staircase to the Lair.
  7852 | D:10     | Entered Level 10 of the Dungeon
  8025 | D:10     | Identified a scroll of acquirement
  8033 | D:10     | Acquired 882 gold pieces
  8334 | D:10     | Found a burning altar of Makhleb.
  8336 | D:10     | Noticed an Executioner
  8444 | D:10     | Reached skill level 5 in Dodging
  8448 | D:10     | Noticed an ogre mage
  8458 | D:10     | Killed an ogre mage
  8459 | D:10     | Reached XP level 12. HP: 96/96 MP: 17/17
  8717 | D:11     | Found a frozen archway.
  8736 | IceCv    | Entered an ice cave
  8744 | IceCv    | Reached ****** piety under Cheibriados
  8914 | IceCv    | Identified the +4 mace of Earthquakes {speed, +Blink rC+
                  | rN++ rCorr}
  8940 | IceCv    | Reached skill level 11 in Shields
  9198 | IceCv    | Engulfed by an ice statue's freezing vapour

Illustrated notes

Levels and vault maps discovered:
D:1:      lemuel_arrival_room, layout_basic,
          shapermc_ecumenical_altar_mp_urbaneastern, serial_bayou_lake_a
D:2:      layout_basic
D:3:      layout_basic, serial_aquarium, aquarium_bridge_long_separate
          [aquarium_subvault_bridge, aquarium_subvault_wall,
          aquarium_subvault_bridge, aquarium_subvault_wall,
          aquarium_subvault_bridge, aquarium_subvault_window],
          aquarium_window_fake, aquarium_window_fake, aquarium_view_2c,
          aquarium_pool_side, uniq_robin, uniq_terence, uniq_sigmund
D:4:      layout_basic, lemuel_temple_firewalk_b, serial_shops,
          nicolae_shop_real_fake_doors, uniq_pikel
D:5:      layout_basic, cheibrodos_sewer_entry_bend, grunt_tough_drop,
          uniq_grinder, uniq_ijyb
D:6:      layout_rooms, minmay_mini_ossuary
D:7:      layout_gridville
D:8:      layout_layer_cave, uniq_joseph, uniq_maggie
D:9:      layout_irregular_city, david_lair_shrubbed, serial_shops, shop,
          kennysheep_pointless_box
D:10:     hellmonk_paralyzer, layout_irregular_city, makhleb_altar_promises_db,
          serial_undead, serial_undead_c, serial_undead_f, serial_undead_b,
          serial_undead_a
D:11:     layout_basic, portal_ice_cave_entry_imps, small_chamber_with_monster,
          nicolae_dithmenos_through_a_glass_darkly
Temple:   compressed_dpeg_triangle_lava_temple
IceCv:    ice_cave_statue_garden_chambered

Skill      XL: |  1  2  3  4  5  6  7  8  9 10 11 12 |
---------------+-------------------------------------+-----
Armour         | 4 5 6 7 8 9 |  9.8
Dodging        | 1 2 3 4 5 |  5.2
Fighting       | 4 5 6 7 8 9 |  9.7
Axes           | 3 4 5 6 7 8 |  8.7
Shields        | 5 6 8 9 10 11 | 11.1
Invocations    | 1 3 5 7 8 |  8.0
Evocations     | 2 3 |  3.1

Action                     |  1- 3 |  4- 6 |  7- 9 | 10-12 || total
---------------------------+-------+-------+-------+-------++-------
  Melee: War axe           |    92 |   138 |   152 |   258 ||   640
Ability: Dig               |     1 |       |     1 |       ||     2
  Evoke: Wand              |       |     3 |     1 |     4 ||     8
    Use: Scroll            |       |       |     4 |    18 ||    22
   Stab: Paralysed         |       |       |       |     2 ||     2
         Sleeping          |       |       |       |     1 ||     1
 Armour: Scale mail        |    40 |    38 |    23 |    11 ||   112
         Steam dragon scal |       |       |       |    17 ||    17
  Dodge: Dodged            |    39 |    94 |    65 |   102 ||   300
  Block: Buckler           |    15 |    38 |     5 |       ||    58
         Tower shield      |       |       |   102 |   268 ||   370
